 Dungeon Crawl Stone Soup version 0.28.0-49-g6dfe1f597d (webtiles) character file.

Game seed: 5745008281075400490

2581 pkoi the Destroyer (level 9, 0/67 HPs)
             Began as a Demigod Conjurer on May 18, 2022.
             Slain by a yak (13 damage)
             ... on level 7 of the Dungeon.
             The game lasted 00:11:00 (10070 turns).

pkoi the Destroyer (Demigod Conjurer)              Turns: 10070, Time: 00:11:00

Health: 0/67       AC:  5    Str: 14    XL:     9   Next: 11%
Magic:  2/18       EV: 12    Int: 44    God:
Gold:   444        SH:  0    Dex: 12    Spells: 2/16 levels left

rFire   . . .      SeeInvis .   r - +9 short sword "Sarcophage" {speed, *Slow Fly Will+ Str+6}
rCold   . . .      Faith    .   (no shield)
rNeg    . . .      Spirit   .   a - +0 robe
rPois   .          Reflect  .   (no helmet)
rElec   .          Harm     .   (no cloak)
rCorr   .          Rampage  .   c - +2 pair of gloves
Will    +....                   (no boots)
Stlth   ++........              o - amulet of regeneration
HPRegen 1.01/turn               f - +6 ring of intelligence
MPRegen 0.16/turn               g - +6 ring of intelligence

@: lethally poisoned (0 -> -1), flying, slowed, very slow
A: high MP 1, forlorn, divine attributes
a: no special abilities


You were on level 7 of the Dungeon.
You visited 1 branch of the dungeon, and saw 7 of its levels.

You collected 444 gold pieces.

Inventory:

Hand Weapons
 d - a +0 spear
 e - a +0 rapier
 r - the +9 short sword "Sarcophage" (weapon) {speed, *Slow Fly Will+ Str+6}
   (You found it on level 5 of the Dungeon)

   Attacks with this weapon are significantly faster.
   Str:       It affects your strength (+6).
   Fly:       It grants you flight.
   *Slow:     It may slow you when you take damage.
   Will:      It increases your willpower.
Missiles
 k - a throwing net
Armour
 a - a +0 robe (worn)
 c - a +2 pair of gloves (worn)
Jewellery
 f - a +6 ring of intelligence (left hand)
 g - a +6 ring of intelligence (right hand)
 o - an amulet of regeneration (around neck)
Wands
 m - a wand of mindburst (8)
 p - a wand of polymorph (7)
Scrolls
 j - 2 scrolls of teleportation
Potions
 b - 5 potions of curing
 l - a potion of mutation {unknown}
 n - 2 potions of degeneration {unknown}
 s - a potion of might
 t - a potion of magic {unknown}


   Skills:
 + Level 2.2 Fighting
 + Level 2.1 Armour
 + Level 3.0 Dodging
 - Level 1.7 Stealth
 - Level 4.0 Spellcasting
 + Level 8.4 Conjurations
 + Level 2.1 Hexes
 + Level 4.2 Translocations
 + Level 3.7 Ice Magic


You had 2 spell levels left.
You knew the following spells:

 Your Spells              Type           Power      Damage    Failure   Level
a - Magic Dart            Conj           100%       1d8       1%          1
b - Searing Ray           Conj           100%       2d8       1%          2
c - Iskenderun's Mystic   Conj/Tloc      59%        2d12      1%          4
d - Ozocubu's Armour      Ice            42%        N/A       1%          3
e - Fulminant Prism       Conj/Hex       26%        3d14      2%          4

Your spell library contained the following spells:

 Spells                   Type           Power      Damage    Failure   Level
 Dazzling Flash           Conj/Hex       100%       N/A       1%          3
 Gell's Gravitas          Tloc           46%        N/A       1%          3
 Teleport Other           Tloc           46%        N/A       1%          3
 Animate Armour           Summ/Erth      16%        N/A       24%         4
 Dispersal                Tloc           23%        N/A       54%         6
 Blade Hands              Tmut           4%         N/A       56%         5
 Iron Shot                Conj/Erth      23%        9d5       56%         6
 Ozocubu's Refrigeration  Ice            21%        4d9       99%         7


Dungeon Overview and Level Annotations

Branches:
Dungeon (7/15)             Temple (0/1) D:5


Innate Abilities, Weirdness & Mutations

You have an increased reservoir of magic. (+10% MP)
You shall have no god before yourself.
Your divine heritage dramatically boosts your attributes as you level up.


Message History

Confirm with . or Enter, or press ? or * to list all spells.
Aiming: Searing Ray (safe; 1% risk of failure)
Press: ? - help, Shift-Dir - straight line, f/p - kobold brigand
Aim: a kobold brigand, wielding a +0 short sword and quivering curare-tipped darts (heavily wounded, 79% to hit)
The searing ray hits the kobold.
You kill the kobold!
The searing ray hits the kobold brigand.
The kobold brigand is severely wounded. (Press . to maintain the ray.)
The kobold shouts!
You feel extremely sick.
A kobold comes into view. It is wielding a +0 dagger.
Unknown command.
The searing ray hits the kobold brigand!
You kill the kobold brigand!
The searing ray hits the yak.
The yak is lightly wounded.
You feel extremely sick.
A yak comes into view. x2
Your Dodging skill increases to level 3!
The searing ray hits the yak.
The yak is lightly wounded.
The searing ray hits the kobold!
You kill the kobold!
The searing ray hits the kobold!
You kill the kobold!
You feel very sick.
A yak comes into view.
The yak gores you!
* * * LOW HITPOINT WARNING * * *
The searing ray hits the yak.
The yak is moderately wounded.
The searing ray misses the kobold.
The searing ray hits the kobold.
The kobold is severely wounded.
The kobold shouts!
You finish channelling your searing ray.
You feel very sick.
The yak bellows!
The yak gores you!
You die...

########## #########
#....(...# #........
#........# #........
#........# #........
#........####........
#...........<........
#.......)####........
#........# #........
#........# #@#######
#........## #Y#
########..###K#####
##....)....#
#....K....#
#....YY(..#
#.).......#
#.........#
#.........#


You could see 3 yaks and 2 kobolds.

Vanquished Creatures
  Grinder (D:6)
  Sigmund (D:6)
  5 yaks
  Duvessa (D:6)
  An ice beast (D:3)
  A centaur (D:7)
  A kobold brigand (D:7)
  2 bullfrogs
  A water moccasin zombie (D:6)
  A wyvern skeleton (D:6)
  Dowan (D:6)
  4 killer bees (D:6)
  A centaur zombie (D:5)
  A howler monkey (D:5)
  5 hounds
  A jelly (D:4)
  A centaur skeleton (D:4)
  A gnoll shaman (D:4)
  An orc priest (D:3)
  An iguana (D:6)
  A scorpion zombie (D:5)
  An orc wizard (D:6)
  A killer bee zombie (D:5)
  A hound zombie (D:5)
  A hound skeleton (D:5)
  5 adders
  6 gnolls (D:4)
  A shadow imp (D:5)
  4 white imps (D:5)
  An ufetubus (D:5)
  An adder skeleton (D:3)
  A worm (D:5)
  4 dart slugs
  7 orcs
  4 bats
  7 endoplasms
  A giant cockroach (D:3)
  11 goblins
  4 hobgoblins
  3 jackals (D:2)
  4 quokkas
  7 ball pythons
  5 frilled lizards (D:1)
  11 kobolds
  5 rats
129 creatures vanquished.

Vanquished Creatures (others)
  4 fulminant prisms
4 creatures vanquished.

Grand Total: 133 creatures vanquished

Notes
Turn   | Place    | Note
-------+----------+-------------------------------------------
     0 | D:1      | pkoi the Demigod Conjurer began the quest for the Orb.
     0 | D:1      | Reached XP level 1. HP: 14/14 MP: 5/5
   490 | D:1      | Reached XP level 2. HP: 20/20 MP: 5/7
   546 | D:1      | Reached skill level 4 in Conjurations
   954 | D:1      | Learned a level 2 spell: Searing Ray
  1260 | D:1      | Reached XP level 3. HP: 26/26 MP: 3/9
  2936 | D:3      | Reached XP level 4. HP: 33/33 MP: 3/10
  3197 | D:3      | Reached skill level 5 in Conjurations
  3305 | D:4      | Noticed an ice beast
  3369 | D:3      | Killed an ice beast
  3370 | D:3      | Reached XP level 5. HP: 13/38 MP: 2/12
  3981 | D:4      | Learned a level 4 spell: Iskenderun's Mystic Blast
  4891 | D:4      | Reached skill level 1 in Translocations
  4891 | D:4      | Reached XP level 6. HP: 45/45 MP: 9/14
  4968 | D:4      | Reached skill level 6 in Conjurations
  5191 | D:4      | Learned a level 3 spell: Ozocubu's Armour
  5578 | D:5      | Entered Level 5 of the Dungeon
  5936 | D:5      | Found a staircase to the Ecumenical Temple.
  6486 | D:5      | Reached skill level 1 in Ice Magic
  6565 | D:5      | Reached XP level 7. HP: 41/50 MP: 9/15
  6930 | D:5      | Noticed a yak
  6931 | D:5      | Noticed a yak
  6977 | D:5      | Noticed a yak
  6979 | D:5      | Noticed a yak
  6981 | D:5      | Killed a yak
  6981 | D:5      | Noticed a yak
  6983 | D:5      | Killed a yak
  6984 | D:5      | Reached skill level 7 in Conjurations
  6986 | D:5      | Killed a yak
  7053 | D:4      | Killed a yak
  7054 | D:4      | Reached XP level 8. HP: 52/57 MP: 2/17
  7159 | D:4      | Learned a level 4 spell: Fulminant Prism
  7608 | D:5      | Identified the +9 short sword "Sarcophage" {speed, *Slow
                  | Fly Will+ Str+6}
  7889 | D:6      | Noticed Duvessa
  7890 | D:6      | Noticed Dowan
  7899 | D:6      | Killed Dowan
  7903 | D:6      | Killed Duvessa
  7904 | D:6      | Reached skill level 1 in Hexes
  8148 | D:6      | Noticed Sigmund
  8153 | D:6      | Killed Sigmund
  8154 | D:6      | Reached skill level 1 in Fighting
  8154 | D:6      | Reached skill level 1 in Armour
  8154 | D:6      | Reached skill level 8 in Conjurations
  9229 | D:6      | Noticed Grinder
  9411 | D:6      | Killed Grinder
  9412 | D:6      | Reached XP level 9. HP: 64/67 MP: 1/18
 10070 | D:7      | Slain by a yak

Illustrated notes

Levels and vault maps discovered:
D:1:      nzn_arrival_settlement, layout_basic
D:2:      layout_basic
D:3:      layout_basic, kiku_gazebo_garden_becter,
          shapermc_ecumenical_altar_acropolis
D:4:      layout_basic, glass_columns_a
D:5:      layout_basic, minmay_temple_entry_mini_moons
D:6:      layout_loops_corners, uniq_grinder, uniq_duvessa, uniq_sigmund
D:7:      layout_rooms, enter_bailey_7

Skill      XL: |  1  2  3  4  5  6  7  8  9 |
---------------+----------------------------+-----
Spellcasting   | 2 3 4 |  4.0
Conjurations   | 4 5 6 7 8 |  8.4
Translocations | 1 2 3 4 |  4.2
Ice Magic      | 1 2 3 |  3.7
Dodging        | 2 3 |  3.0
Hexes          | 2 |  2.1
Fighting       | 2 |  2.2
Armour         | 2 |  2.1
Stealth        | |  1.7

Action                   |  1- 3 |  4- 6 |  7- 9 || total
-------------------------+-------+-------+-------++-------
Melee: Spear             |     9 |       |       ||     9
       Rapier            |       |     2 |       ||     2
       Short sword       |       |       |     5 ||     5
 Cast: Magic Dart        |    94 |   130 |    61 ||   285
       Searing Ray       |       |     8 |    23 ||    31
       Ozocubu's Armour  |       |     3 |    12 ||    15
       Iskenderun's Myst |       |       |     4 ||     4
       Fulminant Prism   |       |       |     4 ||     4
  Use: Scroll            |     2 |     1 |     6 ||     9
       Potion            |     2 |     1 |       ||     3
 Stab: Sleeping          |       |     1 |       ||     1
Armor: Robe              |     5 |    11 |    47 ||    63
Dodge: Dodged            |    13 |    28 |    86 ||   127
